 Dungeon Crawl Stone Soup version 0.29-a0-234-g0dae59b3db (webtiles) character file.

Game seed: 13239618072348062844

4690 tilp the Destroyer (level 10, -1/48 HPs)
             Began as a Felid Ice Elementalist on Mar 2, 2022.
             Was a Priest of Vehumet.
             Killed from afar by a manticore (15 damage)
             ... with a volley of spikes
             ... on level 11 of the Dungeon.
             The game lasted 00:34:03 (17571 turns).

tilp the Destroyer (Felid Ice Elementalist)        Turns: 17571, Time: 00:34:03

Health: -1/48      AC: 10    Str:  4    XL:     10   Next: 21%
Magic:  13/19      EV: 21    Int: 22    God:    Vehumet [***...]
Gold:   321        SH:  0    Dex: 16    Spells: 2/19 levels left
                                        Lives:  0   Deaths: 2

rFire   . . .      SeeInvis +     - Unarmed
rCold   . . .      Faith    .   (shield unavailable)
rNeg    . . .      Spirit   .   (body armour unavailable)
rPois   .          Reflect  .   (helmet unavailable)
rElec   .          Harm     .   (cloak unavailable)
rCorr   .          Rampage  .   (gloves unavailable)
Will    ++...                   (boots unavailable)
Stlth   ++++......              (no amulet)
HPRegen 0.16/turn               e - ring of willpower
MPRegen 0.16/turn               q - ring of wizardry

@: ice-armoured, spiked, studying Fire Magic, quick
A: very small, claws 1, fangs 3, see invisible, speed 1, shaggy fur 2, stealthy
paws, no weapons or thrown items, no armour, multi-lived
a: Renounce Religion


You were on level 11 of the Dungeon.
You worshipped Vehumet.
Vehumet was most pleased with you.
You visited 2 branches of the dungeon, and saw 12 of its levels.

You collected 708 gold pieces.
You spent 387 gold pieces at shops.

Inventory:

Jewellery
 e - a ring of willpower (left paw)
 f - a +6 ring of strength
 g - a ring of resist corrosion
 m - a ring of flight
 q - a ring of wizardry (right paw)
 v - a +6 ring of strength
Wands
 x - a wand of digging (8)
 D - a wand of flame (12)
Scrolls
 b - 5 scrolls of teleportation
 d - 3 scrolls of identify
 j - a scroll of enchant weapon {unknown}
 o - 3 scrolls of fog
 r - a scroll of magic mapping
 s - 3 scrolls of amnesia
 y - 2 scrolls of immolation
 B - 3 scrolls of fear {unknown}
Potions
 a - 2 potions of brilliance
 c - a potion of lignification
 h - a potion of attraction {unknown}
 i - a potion of mutation
 k - 10 potions of curing
 l - a potion of might
 n - 2 potions of heal wounds
 p - 3 potions of resistance
 t - 2 potions of magic
 u - a potion of invisibility
 w - a potion of ambrosia
 z - 2 potions of haste
 A - 2 potions of berserk rage {unknown}
Miscellaneous
 C - a phantom mirror (inert)


   Skills:
 - Level 8.0 Fighting
 - Level 8.0 Dodging
 - Level 8.0 Stealth
 - Level 6.0 Unarmed Combat
 + Level 5.3 Spellcasting
 + Level 8.2 Conjurations
 + Level 8.2 Ice Magic
 - Level 4.0 Evocations


You had 2 spell levels left.
You knew the following spells:

 Your Spells              Type           Power      Damage    Failure   Level
a - Freeze                Ice            100%       1d11      1%          1
b - Frozen Ramparts       Ice            84%        1d10      1%          3
c - Ozocubu's Armour      Ice            42%        N/A       1%          3
d - Hailstorm             Conj/Ice       42%        3d10      1%          4
e - Stone Arrow           Conj/Erth      48%        3d10      1%          3
f - Magic Dart            Conj           100%       1d8       1%          1
g - Ensorcelled Hibernat  Hex/Ice        48%        N/A       1%          2

Your spell library contained the following spells:

 Spells                   Type           Power      Damage    Failure   Level
 Fulminant Prism          Conj/Hex       12%        3d9       2%          4
 Foxfire                  Conj/Fire      96%        2x1d8     1%          1
 Beastly Appendage        Tmut           10%        N/A       4%          1
 Wereblood                Tmut           5%         N/A       6%          2
 Conjure Flame            Conj/Fire      24%        6-21      1%          3
 Mephitic Cloud           Conj/Pois/Air  17%        N/A       1%          3
 Flame Wave               Conj/Fire      24%        2d7       2%          4
 Sticky Flame             Conj/Fire      24%        2d5       2%          4
 Ignite Poison            Fire/Tmut/Pois 5%         N/A       3%          3
 Inner Flame              Hex/Fire       5%         N/A       3%          3
 Freezing Cloud           Conj/Ice/Air   15%        6-21      3%          5
 Fireball                 Conj/Fire      12%        3d7       6%          5
 Ice Form                 Ice/Tmut       24%        N/A       8%          4
 Spider Form              Tmut/Pois      5%         N/A       12%         3
 Starburst                Conj/Fire      12%        6d5       26%         6
 Anguish                  Hex/Necr       2%         N/A       34%         4
 Simulacrum               Ice/Necr       12%        N/A       69%         6
 Ignition                 Fire           2%         3d3       100%        8
 Lehudib's Crystal Spear  Conj/Erth      12%        10d4      100%        8
 Animate Armour           Summ/Erth      Unusable   N/A       N/A         4

Dungeon Overview and Level Annotations

Branches:
Dungeon (11/15)            Temple (1/1) D:4            Lair (0/6) D:10
    Orc (0/2) D:10

Altars:
Ashenzari
Cheibriados
Dithmenos
Elyvilon
Fedhas
Gozag
Hepliaklqana
Kikubaaqudgha
Makhleb
Nemelex Xobeh
Okawaru
Qazlal
Ru
Sif Muna
Trog
Uskayaw
Vehumet
Wu Jian
Xom
Yredelemnul
Zin
The Shining One

Shops:
D:2 **[=   D:3 [!=(=   D:7 (

Annotations:
D:5 cold vault
D:8 exclusion: manticore, Harold


Innate Abilities, Weirdness & Mutations

You have sharp claws.
You have razor-sharp teeth.
You have supernaturally acute eyesight. (SInv)
You cover ground quickly. (Speed+)
You are covered in thick fur. (AC +2)
Your paws help you pounce on unaware monsters.
You are incapable of wielding weapons or throwing items.
You cannot wear armour.
You gain extra lives every three experience levels.


Message History

The volley of spikes hits you!
The barbed spikes become lodged in your body.
Casting: Stone Arrow (safe; 1% risk of failure)
Confirm with . or Enter, or press ? or * to list all spells.
A film of ice covers your body!
The manticore flicks its tail.
The volley of spikes misses you.
Unknown command.
Casting: Ozocubu's Armour (safe; 1% risk of failure)
Confirm with . or Enter, or press ? or * to list all spells.
Okay, then.
Unknown command.
The manticore flicks its tail.
The volley of spikes hits you!
The barbed spikes become lodged in your body.
Unknown command.
Aiming: Throw Flame
Press: ? - help, Shift-Dir - straight line, f - manticore
Aim: a manticore (83% to hit)
The puff of flame hits the manticore.
The manticore is lightly wounded.
The manticore flicks its tail.
The volley of spikes hits you!!
The barbed spikes become lodged in your body.
* * * LOW HITPOINT WARNING * * *
Unknown command.
Unknown command.
You feel much better.
Unknown command.
Casting: Ozocubu's Armour (safe; 1% risk of failure)
Confirm with . or Enter, or press ? or * to list all spells.
Aiming: Stone Arrow (safe; 1% risk of failure)
Press: ? - help, Shift-Dir - straight line, f/p - manticore
Aim: a manticore (lightly wounded, 83% to hit)
The stone arrow hits the manticore.
The manticore is lightly wounded.
The manticore flicks its tail.
The volley of spikes hits you!
The barbed spikes become lodged in your body.
You die...

.....###.##.........##.##>......
.....# #.............### .......
....#####.............## .....#.
.......##..............# .......
........................ ......#
....#.##............H... ....###
....###.................
.....#..................
.....#........$.@.$....#
......................##
.....................##
#.........##...........#
#.....##.....#...#.....#
.......#..#..#.###...#..
###.......#..... ###..#
##.........##...# .# ##........#
#..#


You could see a manticore.

Vanquished Creatures
  A salamander tyrant (D:10)
  A boulder beetle (D:11)
  4 two-headed ogres
  Pikel (D:8)
  A guardian serpent (D:11)
  Maurice (D:10)
  3 smoke demons (D:10)
  A komodo dragon (D:10)
  A hornet (D:10)
  A wraith (D:11)
  A shadow (D:9)
  A fire elemental (D:10)
  2 fire bats (D:10)
  2 steam dragons
  A wyvern (D:10)
  7 yaks (D:10)
  2 water moccasins
  An acid dragon (D:9)
  An ice beast (D:7)
  3 orc warriors
  A sky beast (D:5)
  A black bear (D:8)
  2 ogres (D:5)
  3 centaurs
  A phantom (D:6)
  A kobold brigand (D:10)
  2 necrophages (D:5)
  A scorpion (D:5)
  2 bullfrogs
  10 wights
  12 killer bees (D:10)
  An electric eel (D:9)
  10 howler monkeys
  3 hounds
  4 jellies
  2 gnoll shamans
  4 orc priests
  Natasha (thrice) (D:2)
  3 iguanas
  8 orc wizards
  6 gnolls
  7 adders
  3 shadow imps
  2 white imps
  An ufetubus (D:6)
  3 worms
  3 dart slugs
  36 orcs
  6 ball pythons
  6 bats
  6 endoplasms
  5 giant cockroaches
  5 goblins
  3 hobgoblins
  2 jackals (D:3)
  5 quokkas
  2 frilled lizards
  12 kobolds
  10 rats
233 creatures vanquished.

Vanquished Creatures (others)
  9 plants
9 creatures vanquished.

Grand Total: 242 creatures vanquished

Notes
Turn   | Place    | Note
-------+----------+-------------------------------------------
     0 | D:1      | tilp the Felid Ice Elementalist began the quest for the
                  | Orb.
     0 | D:1      | Reached XP level 1. HP: 7/7 MP: 4/4
   576 | D:1      | Reached XP level 2. HP: 11/11 MP: 1/6
  1283 | D:2      | Found Inasub's General Store.
  1287 | D:2      | Bought a scroll of identify for 26 gold pieces
  1479 | D:2      | Noticed Natasha
  1670 | D:2      | Found a white marble altar of Elyvilon.
  1972 | D:2      | Reached XP level 3. HP: 11/14 MP: 3/7
  2009 | D:2      | Learned a level 3 spell: Frozen Ramparts
  2070 | D:2      | Found Kujoruor's Assorted Antiques.
  2079 | D:2      | Bought a scroll labelled LUWUIL GOSAS for 22 gold pieces
  2079 | D:2      | Bought a red potion for 19 gold pieces
  2079 | D:2      | Bought a scroll labelled LAAGAO XOSIEG for 22 gold pieces
  2079 | D:2      | Bought a scroll of identify for 44 gold pieces
  2170 | D:2      | Learned a level 3 spell: Ozocubu's Armour
  2236 | D:2      | Found Mumpekk's Armour Boutique.
  2382 | D:2      | Killed Natasha
  2573 | D:2      | Reached XP level 4. HP: 18/18 MP: 0/9
  2745 | D:2      | Found Viefiwit's Jewellery Boutique.
  2821 | D:2      | Found Viefiwit's Jewellery Boutique.
  2876 | D:2      | Found Mumpekk's Armour Boutique.
  2953 | D:2      | Found Inasub's General Store.
  3018 | D:2      | Noticed Natasha
  3032 | D:2      | Killed Natasha
  3033 | D:2      | Reached skill level 5 in Ice Magic
  3084 | D:2      | Noticed Natasha
  3095 | D:2      | Killed Natasha
  3527 | D:3      | Reached XP level 5. HP: 20/21 MP: 5/10
  3767 | D:3      | Found a bloodstained altar of Trog.
  3791 | D:3      | Found Jyorch's Jewellery Shop.
  3942 | D:3      | Found Huwkus's Weapon Shop.
  3971 | D:3      | Found Teil's Jewellery Boutique.
  4297 | D:3      | Found Nyddesh's Armour Shop.
  4317 | D:3      | Found Vuruklae's Distillery.
  4327 | D:3      | Bought a potion of curing for 33 gold pieces
  4513 | D:3      | Bought a potion of heal wounds for 55 gold pieces
  4737 | D:4      | Found a staircase to the Ecumenical Temple.
  4755 | Temple   | Entered the Ecumenical Temple
  4913 | Temple   | Became a worshipper of Vehumet
  5116 | D:4      | Gained mutation: You are covered in thick fur. (AC +2)
                  | [Felid growth]
  5116 | D:4      | Reached XP level 6. HP: 17/25 MP: 2/11
  5398 | D:4      | Reached skill level 1 in Fighting
  5416 | D:4      | Reached skill level 1 in Unarmed Combat
  5983 | D:3      | Bought a potion of lignification for 33 gold pieces
  6018 | D:5      | Entered Level 5 of the Dungeon
  6063 | D:4      | Learned a level 4 spell: Hailstorm
  6197 | D:5      | Reached * piety under Vehumet
  6197 | D:5      | Offered knowledge of Magic Dart by Vehumet.
  6454 | D:5      | Reached XP level 7. HP: 30/30 MP: 2/12
  6456 | D:5      | Learned a level 1 spell: Magic Dart
  7027 | D:5      | Identified the +2 robe of Nydi {Str+4}
  7190 | D:5      | Reached skill level 5 in Stealth
  7284 | D:5      | Reached XP level 8. HP: 36/36 MP: 13/13
  7468 | D:2      | Bought a scroll of amnesia for 45 gold pieces
  7529 | D:6      | Reached skill level 1 in Conjurations
  8537 | D:3      | Bought a potion of ambrosia for 88 gold pieces
  9050 | D:7      | Reached ** piety under Vehumet
  9197 | D:7      | Offered knowledge of Shock by Vehumet.
  9901 | D:7      | Reached XP level 9. HP: 39/39 MP: 2/16
 10070 | D:7      | Found Muibow's Antique Weapon Emporium.
 10670 | D:8      | Reached skill level 5 in Conjurations
 11157 | D:8      | Reached skill level 5 in Spellcasting
 11424 | D:8      | Noticed Pikel
 11430 | D:8      | Killed Pikel
 11554 | D:8      | Noticed Harold
 11862 | D:8      | Noticed a manticore
 12067 | D:9      | Offered knowledge of Poisonous Vapours by Vehumet.
 12069 | D:9      | Noticed a two-headed ogre
 12200 | D:9      | Found an ornate altar of the Wu Jian Council.
 12320 | D:9      | Found a shimmering blue altar of Sif Muna.
 12338 | D:9      | Noticed a two-headed ogre
 12410 | D:9      | Found a broken altar of Ashenzari.
 12592 | D:9      | Reached XP level 10. HP: 42/42 MP: 2/18
 13126 | D:9      | Killed a two-headed ogre
 13370 | D:9      | Noticed a two-headed ogre
 13403 | D:9      | Found a shimmering altar of Xom.
 13404 | D:9      | Found a stormy altar of Qazlal.
 13500 | D:9      | Killed a two-headed ogre
 13501 | D:9      | Reached skill level 5 in Fighting
 13705 | D:9      | Learned a level 3 spell: Stone Arrow
 13710 | D:9      | Learned a level 2 spell: Ensorcelled Hibernation
 13822 | D:10     | Entered Level 10 of the Dungeon
 13844 | D:10     | Reached *** piety under Vehumet
 13845 | D:10     | Reached skill level 5 in Dodging
 13963 | D:10     | Reached skill level 5 in Unarmed Combat
 14049 | D:10     | Found a staircase to the Orcish Mines.
 14425 | D:10     | Noticed Maurice
 14438 | D:10     | Killed Maurice
 14438 | D:10     | Noticed a smoke demon
 14518 | D:9      | Killed a two-headed ogre
 14936 | D:10     | Reached XP level 11. HP: 49/49 MP: 13/19
 15173 | D:10     | Offered knowledge of Fulminant Prism by Vehumet.
 15609 | D:10     | Noticed a salamander tyrant
 15626 | D:10     | Slain by a salamander tyrant
 15627 | D:10     | Reached XP level 10. HP: 0/47 MP: 16/18
 15631 | D:10     | Killed a salamander tyrant
 15842 | D:10     | Found a staircase to the Lair.
 16043 | D:11     | Reached skill level 1 in Evocations
 16062 | D:11     | Noticed a boulder beetle
 16297 | D:10     | Killed a smoke demon
 16629 | D:11     | Noticed a guardian serpent
 16637 | D:11     | Slain by a guardian serpent
 16638 | D:11     | Reached XP level 9. HP: 0/44 MP: 3/17
 16641 | D:11     | Killed a guardian serpent
 16931 | D:11     | Noticed a two-headed ogre
 16958 | D:11     | Killed a two-headed ogre
 16959 | D:11     | Reached XP level 10. HP: 48/48 MP: 0/18
 17299 | D:11     | Killed a boulder beetle
 17564 | D:11     | Noticed a manticore
 17569 | D:11     | HP: 1/48 [manticore/volley of spikes (19)]
 17571 | D:11     | Killed from afar by a manticore

Illustrated notes

Levels and vault maps discovered:
D:1:      mrwooster_arrival_statue_3, layout_loops_ring, minmay_pentomino_z4
D:2:      layout_rooms, serial_shops, nicolae_shop_overgrown_old_shop,
          nicolae_shop_hallway_stairs, nicolae_shop_trees, shop, basic_altar,
          grunt_decor_fettered, serial_bayou_pond_a, nicolae_underground_beach,
          uniq_natasha
D:3:      layout_rooms, trog_book, serial_shops,
          nicolae_shop_bloodbath_and_beyond, nicolae_square_shop, shop,
          nicolae_shop_crystal, nicolae_lakefront_shop, hangedman_decor_points,
          minmay_pentomino_pile
D:4:      layout_gridville, minmay_temple_entry_arrows
D:5:      lemuel_ice_spiral_2, layout_basic
D:6:      layout_rooms
D:7:      layout_loops_cross, serial_shops, shop
D:8:      layout_rooms, small_statue_intersection, patterned_corridor,
          uniq_pikel, uniq_harold
D:9:      layout_rooms, mainiacjoe_overflow_concentric_impassable,
          mainiacjoe_overflow_alcove_1, lemuel_doored_altar,
          nicolae_overflow_squiral, st_stairs_11
D:10:     minmay_firetagon, layout_gridville, david_lair_shrubbed, orc_0_dummy,
          corexii_checkpoint_a, minmay_misc_feat_more_columns, uniq_maurice
D:11:     layout_cave_pools, serial_park_tiny_2, nrook_guardian_serpent_double
Temple:   regret_index_temple_sphere_string

Skill      XL: |  1  2  3  4  5  6  7  8  9 10 11 |
---------------+----------------------------------+-----
Ice Magic      | 4 5 6 8 |  8.2
Spellcasting   | 3 4 5 |  5.3
Stealth        | 3 5 6 8 |  8.0
Fighting       | 2 4 8 7 |  8.0
Dodging        | 3 4 8 7 |  8.0
Unarmed Combat | 2 4 5 6 |  6.0
Conjurations   | 4 7 8 |  8.2
Evocations     | 4 2 |  4.0

Action                   |  1- 3 |  4- 6 |  7- 9 | 10-12 || total
-------------------------+-------+-------+-------+-------++-------
Melee: Unarmed           |     6 |    15 |    87 |    41 ||   149
       Bite              |       |     1 |    12 |     3 ||    16
       Punch             |       |       |     3 |     4 ||     7
 Cast: Freeze            |    41 |    50 |    51 |    21 ||   163
       Frozen Ramparts   |     3 |    28 |    28 |    13 ||    72
       Ozocubu's Armour  |     2 |    12 |    34 |     9 ||    57
       Magic Dart        |       |       |     7 |       ||     7
       Hailstorm         |       |       |    43 |    46 ||    89
       Stone Arrow       |       |       |     5 |     7 ||    12
       Ensorcelled Hiber |       |       |       |     2 ||     2
Evoke: Wand              |       |     4 |       |     5 ||     9
       Phantom mirror    |       |       |       |     1 ||     1
  Use: Scroll            |     3 |     4 |     7 |     2 ||    16
       Potion            |       |       |     1 |     1 ||     2
 Stab: Sleeping          |     5 |     5 |     8 |     4 ||    22
Armor: Skin              |     2 |     5 |    19 |     3 ||    29
Dodge: Dodged            |    19 |    43 |    85 |    64 ||   211

Table legend: (Time is in decaauts)
 A = Elapsed time spent in this place.
 B = Non-inter-level travel time spent in this place.
 C = Inter-level travel time spent in this place.
 D = Time resting spent in this place.
 E = Time spent auto-exploring this place.
 F = Levels seen in this place.
 G = Mean time per level.
                   A        B        C        D        E       F      G
               +--------+--------+--------+--------+--------+-----+--------+
         Total |  16158 |  15259 |    899 |   6685 |   6480 |  12 | 1346.5 |
       Dungeon |  16020 |  15144 |    876 |   6685 |   6378 |  11 | 1456.4 |
        Temple |    138 |    116 |     22 |      0 |    102 |   1 |  138.0 |
               +--------+--------+--------+--------+--------+-----+--------+

Top non-repeatable levels by time:
    D:10: 2349 daAuts
     D:7: 1912 daAuts
     D:9: 1898 daAuts
     D:2: 1720 daAuts
     D:1: 1376 daAuts
     D:6: 1288 daAuts
     D:4: 1262 daAuts
     D:5: 1249 daAuts
     D:3: 1200 daAuts
     D:8: 951 daAuts
    D:11: 812 daAuts
  Temple: 138 daAuts
